 Dungeon Crawl Stone Soup version 0.21.1-1-g345015f (webtiles) character file.

63 tidbits the Charmwright (level 4, -2/38 HPs)
             Began as a Gnoll Skald on June 22, 2018.
             Slain by Tiareth's ghost (12 damage)
             ... on level 4 of the Dungeon.
             The game lasted 00:03:20 (348 turns).

tidbits the Charmwright (Gnoll Skald)                Turns: 348, Time: 00:03:20

Health: -2/38      AC:  2    Str: 13    XL:     4   Next: 10%
Magic:  6/11       EV: 14    Int: 17    God:
Gold:   29         SH:  0    Dex: 14    Spells: 2/13 levels left

rFire    + . .     SeeInvis .   a - +0 hand axe
rCold    . . .     Gourm    .   (no shield)
rNeg     . . .     Faith    .   B - +0 robe (curse)
rPois    .         Spirit   .   (no helmet)
rElec    .         Reflect  .   (no cloak)
rCorr    .         Harm     .   (no gloves)
MR       .....                  (no boots)
Stlth    ++........             (no amulet)
HPRegen  0.12/turn              j - ring of protection from fire
MPRegen  0.12/turn              (no ring)

@: no status effects
A: distributed training, fangs 1, strong nose
a: no special abilities


You were on level 4 of the Dungeon.
You were not hungry.

You visited 1 branch of the dungeon, and saw 5 of its levels.

You collected 29 gold pieces.

Inventory:

Hand Weapons
 a - a +0 hand axe (weapon)
 e - a +0 dagger
Armour
 b - a +0 leather armour
 B - a cursed +0 robe (worn)
Magical Staves
 m - an uncursed staff of fire {unknown}
   (You found it on level 4 of the Dungeon)
Jewellery
 j - a ring of protection from fire (left hand)
   (You found it on level 4 of the Dungeon)
Scrolls
 f - a scroll of enchant weapon {unknown}
 g - a scroll of teleportation {unknown}
 i - a scroll of remove curse {unknown}
 k - 3 scrolls of identify {unknown}
 l - a scroll of fear {unknown}
 n - a scroll of immolation {unknown}
 o - a scroll of magic mapping {unknown}
Books
 c - a book of Battle

   Spells                             Type                      Level
   a - Infusion                       Charms                       1
   b - Shroud of Golubria             Charms/Translocation         2
   c - Song of Slaying                Charms                       2
   d - Spectral Weapon                Hexes/Charms                 3
   e - Regeneration                   Charms/Necromancy            3
Comestibles
 d - 2 rations


   Skills:
 + Level 4.6 Fighting
 + Level 1.0 Short Blades
 + Level 1.0 Long Blades
 + Level 4.6 Axes
 + Level 1.0 Maces & Flails
 + Level 1.0 Polearms
 + Level 1.0 Staves
 + Level 1.0 Slings
 + Level 1.0 Bows
 + Level 1.0 Crossbows
 + Level 1.0 Throwing
 + Level 2.7 Armour
 + Level 4.6 Dodging
 + Level 1.0 Stealth
 + Level 1.0 Shields
 + Level 1.0 Unarmed Combat
 + Level 5.0 Spellcasting
 + Level 0.7 Conjurations
 + Level 0.7 Hexes
 + Level 5.4 Charms
 + Level 0.7 Summonings
 + Level 0.7 Necromancy
 + Level 0.7 Translocations
 + Level 0.7 Transmutations
 + Level 0.7 Fire Magic
 + Level 0.7 Ice Magic
 + Level 0.7 Air Magic
 + Level 0.7 Earth Magic
 + Level 0.7 Poison Magic
 + Level 1.1 Invocations
 + Level 1.0 Evocations


You had 2 spell levels left.
You knew the following spells:

 Your Spells              Type           Power        Failure   Level  Hunger
g - Shroud of Golubria    Chrm/Tloc      ##........   6%          2    #......
i - Infusion              Chrm           ###.         1%          1    None
r - Regeneration          Chrm/Necr      ##........   12%         3    ###....
w - Spectral Weapon       Hex/Chrm       ##......     12%         3    ###....
y - Song of Slaying       Chrm           ###.....     2%          2    #......


Dungeon Overview and Level Annotations

Branches:
Dungeon (5/15)
 Temple: D:4-7

Altars:

Annotations:
D:4 Tiareth's ghost, amateur TrEE


Innate Abilities, Weirdness & Mutations

Your experience applies equally to all skills.
You have very sharp teeth.
Your uncanny sense of smell can sniff out nearby items.


Message History

There is a stone staircase leading up here.
Unknown command.
Unknown command.
You see here a scroll labeled FUAVEE ZILUQUB.
n - a scroll labeled FUAVEE ZILUQUB You see here a scroll labeled LOTYMULOETH.
o - a scroll labeled LOTYMULOETH
There is a stone staircase leading up here.
You climb upwards.
There is a stone staircase leading down here.
Unknown command.
A frilled lizard comes into view.
Found a glowing robe.
The frilled lizard hisses angrily.
The frilled lizard closely misses you.
Found 6 gold pieces.
You miss the frilled lizard. Your bite misses the frilled lizard.
The frilled lizard bites you but does no damage.
You completely miss the frilled lizard. Your bite misses the frilled lizard.
The frilled lizard completely misses you.
You miss the frilled lizard. Your bite misses the frilled lizard.
The frilled lizard misses you.
You hit the frilled lizard.
You kill the frilled lizard!
You see here a glowing robe.
p - a glowing robe Wear which item? (? for menu, Esc to quit)
You start removing your armour.
You continue taking off your +0 leather armour. x4
You finish taking off your +0 leather armour.
You start putting on your armour.
You continue putting on your glowing robe. x5
You finish putting on your cursed +0 robe.
Oops, that feels deathly cold.
Adjust (i)tems, (s)pells, or (a)bilities?
Adjust which item? (? for menu, Esc to quit)
You don't have any such object.
Adjust which item? (? for menu, Esc to quit)
Okay, then.
Adjust (i)tems, (s)pells, or (a)bilities?
Adjust which item? (? for menu, Esc to quit)
p - a cursed +0 robe (worn)
Adjust to which letter? (? for menu, Esc to quit)
B - a cursed +0 robe (worn)
Tiareth's ghost (amateur Troll Earth Elementalist) comes into view.
Tiareth's ghost turns its malevolent gaze towards you.
Casting: Shroud of Golubria
Confirm with . or Enter, or press ? or * to list all spells.
Space distorts slightly along a thin shroud covering your body.
Tiareth's ghost says, "What do you have that I didn't have?"
Casting: Shroud of Golubria
Confirm with . or Enter, or press ? or * to list all spells.
You draw out your weapon's spirit!
A giant cockroach comes into view.
Casting: Spectral Weapon
Confirm with . or Enter, or press ? or * to list all spells.
You begin infusing your attacks with magical energy.
It was a potion of cancellation.
Your magical effects are unravelling.
You feel magically purged.
Your shroud unravels.
You are no longer magically infusing your attacks.
Tiareth's ghost hits you!
You hit Tiareth's ghost. You bite Tiareth's ghost.
Tiareth's ghost is lightly damaged.
Your spectral weapon hits Tiareth's ghost.
Tiareth's ghost misses you.
You hit Tiareth's ghost.
Tiareth's ghost is moderately damaged.
Your spectral weapon hits Tiareth's ghost but does no damage.
Tiareth's ghost casts a spell at you. The blast of sand misses you.
You hit Tiareth's ghost.
Tiareth's ghost is moderately damaged.
Your spectral weapon barely misses Tiareth's ghost.
Tiareth's ghost casts a spell at you. The blast of sand hits you!
You hit Tiareth's ghost.
Tiareth's ghost is heavily damaged.
Your spectral weapon barely misses Tiareth's ghost.
Tiareth's ghost screams, "You must not succeed where I failed!"
Tiareth's ghost closely misses you.
You hit Tiareth's ghost.
Tiareth's ghost is heavily damaged.
Your spectral weapon hits Tiareth's ghost!
Tiareth's ghost casts a spell at your spectral weapon.
The blast of sand hits your spectral weapon.
You catch the helpless Tiareth's ghost completely off-guard!
You hit Tiareth's ghost.
Tiareth's ghost is almost destroyed.
Your spectral weapon misses Tiareth's ghost.
Tiareth's ghost hits you.
You hit Tiareth's ghost but do no damage.
Tiareth's ghost is almost destroyed.
Your spectral weapon hits Tiareth's ghost.
Tiareth's ghost casts a spell at you. The blast of sand hits you!
* * * LOW HITPOINT WARNING * * *
Tiareth's ghost hits you!
You die...

#.# #$.# #.##.#####..#
####.##.#......#
#....##.#.####.# #.#...>.#.#
#.# #.. #.#.....#.# #.# #..#
#.#.......####.######
##..####.....................
......##........@(....#####.#
#..#.##..##.###W######
#........##.# #s#
#.#.###.##.# #.# #..#<...##.#
#.# #.#.######.# #.. ∆
###.### #.# #.. ∆ .##.# #.#
#.>. ....# #...


You could see Tiareth's ghost, a giant cockroach and a friendly spectral hand
axe.

Vanquished Creatures
  A hound (D:4)
  An adder (D:4)
  A worm (D:3)
  A dart slug (D:3)
  A leopard gecko (D:4)
  An orc (D:3)
  A giant cockroach (D:3)
  3 goblins (D:3)
  A hobgoblin (D:2)
  2 ball pythons
  2 bats
  A frilled lizard (D:4)
  A kobold (D:2)
  2 rats
19 creatures vanquished.

Notes
Turn   | Place    | Note
-------+----------+-------------------------------------------
     0 | D:1      | tidbits the Gnoll Skald began the quest for the Orb.
     0 | D:1      | Reached XP level 1. HP: 20/20 MP: 6/6
    41 | D:3      | Reached XP level 2. HP: 21/26 MP: 0/7
    49 | D:3      | Learned a level 2 spell: Song of Slaying
    55 | D:2      | Learned a level 2 spell: Shroud of Golubria
   227 | D:4      | Reached skill level 5 in Spellcasting
   227 | D:4      | Reached XP level 3. HP: 31/31 MP: 3/9
   238 | D:4      | Reached skill level 1 in Short Blades
   238 | D:4      | Reached skill level 1 in Long Blades
   238 | D:4      | Reached skill level 1 in Maces & Flails
   238 | D:4      | Reached skill level 1 in Polearms
   238 | D:4      | Reached skill level 1 in Staves
   238 | D:4      | Reached skill level 1 in Slings
   238 | D:4      | Reached skill level 1 in Bows
   238 | D:4      | Reached skill level 1 in Crossbows
   238 | D:4      | Reached skill level 1 in Throwing
   238 | D:4      | Reached skill level 1 in Stealth
   238 | D:4      | Reached skill level 1 in Shields
   238 | D:4      | Reached skill level 1 in Unarmed Combat
   238 | D:4      | Reached skill level 1 in Invocations
   238 | D:4      | Reached skill level 1 in Evocations
   238 | D:4      | Reached XP level 4. HP: 31/38 MP: 4/11
   243 | D:4      | Learned a level 3 spell: Regeneration
   247 | D:4      | Learned a level 3 spell: Spectral Weapon
   282 | D:5      | Entered Level 5 of the Dungeon
   334 | D:4      | Noticed Tiareth's ghost (amateur TrEE)
   348 | D:4      | Slain by Tiareth's ghost

Skill      XL: |  1  2  3 |
---------------+----------+-----
Spellcasting   | 5 |  5.0
Short Blades   | 1 |  1.0
Long Blades    | 1 |  1.0
Maces & Flails | 1 |  1.0
Polearms       | 1 |  1.0
Staves         | 1 |  1.0
Slings         | 1 |  1.0
Bows           | 1 |  1.0
Crossbows      | 1 |  1.0
Throwing       | 1 |  1.0
Stealth        | 1 |  1.0
Shields        | 1 |  1.0
Unarmed Combat | 1 |  1.0
Invocations    | 1 |  1.1
Evocations     | 1 |  1.0
Fighting       | |  4.6
Axes           | |  4.6
Armour         | |  2.7
Dodging        | |  4.6
Conjurations   | |  0.7
Hexes          | |  0.7
Charms         | |  5.4
Summonings     | |  0.7
Necromancy     | |  0.7
Translocations | |  0.7
Transmutations | |  0.7
Fire Magic     | |  0.7
Ice Magic      | |  0.7
Air Magic      | |  0.7
Earth Magic    | |  0.7
Poison Magic   | |  0.7

Action                   |  1- 3 |  4- 6 || total
-------------------------+-------+-------++-------
Melee: Hand axe          |    49 |    11 ||    60
       Bite              |     4 |     1 ||     5
 Cast: Infusion          |     3 |     1 ||     4
       Song of Slaying   |     2 |       ||     2
       Shroud of Golubri |     1 |     1 ||     2
       Spectral Weapon   |       |     1 ||     1
  Use: Potion            |       |     1 ||     1
 Stab: Distracted        |       |     1 ||     1
Armor: Leather armour    |    10 |     1 ||    11
Dodge: Dodged            |    32 |     6 ||    38

Table legend:
 A = Turns spent in this place as a percentage of turns spent in the entire game.
 B = Non-inter-level travel turns spent in this place as a percentage of non-inter-level travel turns spent in the entire game.
 C = Inter-level travel turns spent in this place as a percentage of turns spent in this place.
 D = Turns resting spent in this place as a percentage of non-inter-level travel turns spent in this place.
 E = Turns spent auto-exploring this place as a percentage of non-inter-level travel turns spent in this place.
 F = Non-inter-level travel turns spent in this place divided by the number of levels of this place that you've seen.
                   A       B       C       D       E      F
               +-------+-------+-------+-------+-------+----------------------
         Total | 100.0 | 100.0 |   0.0 |   0.0 |   0.0 |  69.6
       Dungeon | 100.0 | 100.0 |   0.0 |   0.0 |   0.0 |  69.6
               +-------+-------+-------+-------+-------+----------------------

Table legend:
 A = Kills in this place as a percentage of kills in entire the game.
 B = Kills by you in this place as a percentage of kills by you in the entire game.
 C = Kills by friends in this place as a percentage of kills by friends in the entire game.
 D = Other kills in this place as a percentage of other kills in the entire game.
 E = Experience gained in this place as a percentage of experience gained in the entire game.
 F = Experience gained in this place divided by the number of levels of this place that you have seen.
                   A       B       C       D       E      F
               +-------+-------+-------+-------+-------+----------------------
         Total | 100.0 | 100.0 |   N/A |   N/A | 100.0 |  18.2
       Dungeon | 100.0 | 100.0 |   N/A |   N/A | 100.0 |  18.2
               +-------+-------+-------+-------+-------+----------------------

Vault maps used:
D:1:      minmay_arrival_solitary_statue, minmay_pentomino_v4
D:2:      elyvilon_altar_4
D:4:      marbit_many_paths, first_ration, uniq_menkaure
D:5:      serial_shops, kennysheep_mini, nicolae_shop_statue_plus,
          nicolae_shop_stone
